[Event "*** Titled Tuesday Blitz"]
[Site "Chess.com"]
[Date "2020.11.10"]
[Round "2"]
[White "Agnes66678"]
[Black "Fy_Rakotomaharo"]
[Result "0-1"]
[WhiteElo "2339"]
[BlackElo "2652"]
[TimeControl "180+1"]
[EndTime "10:21:54 PST"]
[Termination "Fy_Rakotomaharo won by resignation"]

1. Nf3 Nf6 2. g3 b5 3. Bg2 Bb7 4. O-O e6 5. d3 d5 6. c4 a6 7.
Qb3 Nbd7 8. cxb5 Nc5 9. Qc2 axb5 10. Be3 Na6 11. d4 Be7 12. Rc1 O-O 13. Nbd2 Rc8 14.
Nb3 Ne4 15. Ne5 c5 16. dxc5 Nexc5 17. Nxc5 Nxc5 18. Qd2 Ne4 19. Qd3 Qa5 20. a3 b4 21.
Bxe4 dxe4 22. Qd7 Rxc1+ 23. Rxc1 Qxe5 24. Qxe7 Bd5 25. Qxb4 Qh5 26. Qb5 h6 27. a4 Qe5 28.
b4 Rb8 29. Qc5 Qf6 30. a5 Qb2 31. a6 Qxb4 32. Qxb4 Rxb4 33. a7 Ra4 34. Rc8+ Kh7 35. Kg2 f5 36. h3 g5 37. Kh2 Kg6 38. Rg8+ Kf7 39. Rh8 Kg6 40. Rb8 Ra2 41. Kg1 f4 42. gxf4 gxf4 43. Bb6 e3 44. f3 Ra1+ 45. Kg2 Ra2 46. Kf1 Kf5 47. Rf8+ Kg5 48. Bc7 Kg6 49. Bxf4 Ra1+ 50. Kg2 Rxa7 51. Bxe3 Ra2 52. Kf2 Bc4 53. Rg8+ Kf7 54. Rd8 Rxe2+ 55. Kg3 Rxe3 56. Rd7+ Kg6 57. Rd8 Bd5 58. Rg8+ Kf7 59. Rh8 Rxf3+ 60. Kg4 Rf6 61.
Rh7+ Kg6 62. Rh8 Bf3+ 63. Kg3 Be4 64. Rg8+ Kh7 65. Re8 Bg6 66. Re7+ Kg8 67. Kg4 Bf5+ 68. Kg3 Kf8 69. Ra7 Rf7 70. Ra8+ Kg7 71. h4 Kf6 72.
Rh8 Rg7+ 73. Kf3 Kg6 74. Kg3 Kh5+ 75. Kf3 Rg6 76. Rf8 Kxh4 77. Rh8 Kg5 0-1

[Event "*** Titled Tuesday Blitz"]
[Site "Chess.com"]
[Date "2020.11.10"]
[Round "2"]
[White "Evgeny81"]
[Black "vanyakuba"]
[Result "1-0"]
[WhiteElo "2719"]
[BlackElo "2497"]
[TimeControl "180+1"]
[EndTime "10:21:57 PST"]
[Termination "Evgeny81 won by resignation"]

1. e4 d5 2. Nc3 dxe4 3. Nxe4 Qd5 4.
Qe2 Nc6 5. Nf3 e5 6. Qc4 Be6 7. Qxd5 Bxd5 8. d3 Be7 9. Be2 f5 10. Nc3 Be6 11. O-O Nf6 12. Re1 O-O-O 13. a3 Rhe8 14.
Bf1 Bd6 15. Nb5 Bd5 16. Nxd6+ cxd6 17. Be2 h6 18. Be3 f4 19. Bd2 g5 20. c4 Bg8 21.
Bc3 Nd7 22. b4 Bh7 23. Nd2 Nd4 24. Bxd4 exd4 25. Nf3 Ne5 26. Nxd4 Bxd3 27. Bxd3 Nxd3 28. Red1 Ne5 29. Rac1 a6 30. Nf5 Re6 31. Kf1 Kc7 32. c5 dxc5 33. Rxc5+ Nc6 34. Rxd8 Kxd8 35. h4 g4 36. h5 Kc7 37. Rc4 b6 38. Rxf4 Rf6 39. g3 Ne5 40. Ke2 Nf3 41. Ke3 Ng5 42. Nd4 Rd6 43.
Rxg4 Nf7 44. Rg7 Rd7 45. g4 a5 46. bxa5 bxa5 47. f4 Kd6 48. Rg6+ Kd5 49. Nf5 Rb7 50. Kf3 Rb3+ 51. Ne3+ Kd4 52. Re6 Nd8 53. Rd6+ Kc5 54. Rxd8 Rxa3 55. Rd5+ Kc6 56. Re5 Kd6 57. g5 hxg5 58.
Rxg5 a4 59. Ra5 Ra1 60. h6 Rh1 61. Rxa4 Ke7 62. Ra6 Kf8 63. Ke4 Re1 64. f5 Kg8 65. Ra7 Kh8 66. Kf4 Rh1 67. Ng4 Rf1+ 68. Kg5 Rg1 69. Rb7 Rg2 70. f6 Rg1 71. f7 Rf1 72.
Rb8+ Kh7 73. Nf6+ Rxf6 74. Kxf6 1-0

[Event "*** Titled Tuesday Blitz"]
[Site "Chess.com"]
[Date "2020.11.10"]
[Round "2"]
[White "winniethepooh04"]
[Black "karwowskikacper"]
[Result "0-1"]
[WhiteElo "2223"]
[BlackElo "2439"]
[TimeControl "180+1"]
[EndTime "10:21:59 PST"]
[Termination "karwowskikacper won on time"]

1. e4 e6 2. d4 c5 3. Nf3 Nf6 4. Bd3 c4 5. Bxc4 Nxe4 6. O-O d5 7. Bb5+ Bd7 8. Bd3 Bd6 9. c4 O-O 10. h3 Nc6 11. Nc3 Nxc3 12. bxc3 dxc4 13. Bxc4 Rc8 14. Bb3 Qa5 15. Qd3 Ne7 16. Bc2 Ng6 17. Bd2 Qh5 18. Bd1 Bb5 19. Qe4 Bxf1 20. Kxf1 Qf5 21. Qxf5 exf5 22.
Bc2 Ne7 23. Rb1 b6 24. a4 g6 25. a5 Nd5 26. c4 Rxc4 27. Bb3 b5 28. Bxc4 bxc4 29. Rb7 Ra8 30. Rd7 c3 31. Bh6 c2 32. Rxd6 f4 33. Rc6 Rb8 34. Rxc2 f5 35.
Ke2 Kf7 36. Ne5+ Ke6 37. Nc6 Re8 38. Kd3 Kd6 39. Bg7 Rc8 40. Be5+ Ke6 41. Rc4 g5 42. Nb4 Rxc4 43. Kxc4 Ne7 44. Bb8 Nc8 45. Nc6 Kd7 46.
Nxa7 Ne7 47. Nb5 h5 48. Be5 Nc6 49. a6 Na5+ 50. Kc5 Nc6 51. Kb6 h4 52. a7 Nxa7 53. Kxa7 Kc6 54. d5+ Kxd5 55. Bf6 g4 56. Bg5 Ke4 57.
hxg4 fxg4 58. Bxh4 f3 59. g3 Kd3 60. Nd6 Ke2 61. Nf7 Kxf2 62. Ne5 Kg2 63. Nxg4 Kh3 64. Ne3 f2 65. g4 Kxh4 66. Nf1 Kxg4 67. Kb6 Kf3 68. Kc5 Ke2 69. Nh2 Kd3 70. Kd5 Ke3 0-1

[Event "*** Titled Tuesday Blitz"]
[Site "Chess.com"]
[Date "2020.11.10"]
[Round "2"]
[White "Margency"]
[Black "hypert"]
[Result "1-0"]
[WhiteElo "2693"]
[BlackElo "2445"]
[TimeControl "180+1"]
[EndTime "10:22:00 PST"]
[Termination "Margency won by resignation"]

1. e4 c5 2. Nf3 a6 3. c3 e6 4. d4 d5 5. exd5 exd5 6. Bd3 Nf6 7. O-O Nbd7 8. Re1+ Be7 9. Bf4 O-O 10. Nbd2 cxd4 11.
Nxd4 Nc5 12. Bc2 Bg4 13. f3 Bd7 14. Nf1 Re8 15. Ne3 Qb6 16. Rb1 Bd6 17. Bxd6 Qxd6 18. Qd2 Rad8 19. Nef5 Bxf5 20. Nxf5 Qf8 21. Qg5 Ne6 22.
Qg3 g6 23. Rbd1 Qc5+ 24. Kh1 Ng7 25. Nh6+ Kf8 26. Qg5 Rxe1+ 27. Rxe1 Qf2 28. Qe5 Nge8 29. Bb3 Rd7 30. Ng4 Qb6 31. Qb8 Qd8 32. Qf4 Nxg4 33. Qxg4 Re7 34. Rd1 Nf6 35. Qf4 Re6 36. h4 Qd6 37.
Qxd6+ Rxd6 38. Rd4 Ke7 39. g4 Ke6 40. Kg2 Nd7 41. f4 Nc5 42. Bc2 Kd7 43. b4 Ne6 44. Rd2 Nxf4+ 45. Kf3 Ne6 46. Bb3 Nc7 47. Kf4 f5 48.
gxf5 Rf6 49. Bc2 Kd6 50. Kg5 Ne8 51. fxg6 hxg6 52. Bxg6 Rf8 53. h5 Nc7 54. c4 Ne6+ 55. Kg4 d4 56. c5+ Ke5 57. h6 Rf4+ 58. Kg3 Rf8 59.
Re2+ Kd5 60. h7 Ng5 61. Re7 Nxh7 62. Bxh7 Rf6 63. Rd7+ Kc4 64. Rxb7 Rh6 65. Bf5 d3 66. Bxd3+ Kxd3 67. Rb6 Rh8 68. a3 Kc4 69. Rxa6 Rg8+ 70. Kf4 Kb5 71. Rb6+ Kc4 72. Ke5 Rf8 73. Ke6 Kb3 74.
Kd7 Ka4 75. c6 Rf7+ 76. Ke6 Rf1 77. Kd6 Rc1 78. Kc7 Rd1 79. Kb7 Rc1 80. c7 Rc5 81. c8=Q Rc7+ 82. Kxc7 1-0

[Event "*** Titled Tuesday Blitz"]
[Site "Chess.com"]
[Date "2020.11.10"]
[Round "2"]
[White "Oglob71"]
[Black "IsuruAlahakoon"]
[Result "0-1"]
[WhiteElo "2450"]
[BlackElo "2395"]
[TimeControl "180+1"]
[EndTime "10:22:00 PST"]
[Termination "IsuruAlahakoon won by checkmate"]

1. d4 d5 2. Nf3 Bf5 3. e3 e6 4. c4 Nc6 5. Nc3 Nb4 6. e4 dxe4 7. Ne5 Qxd4 8. Qxd4 Nc2+ 9. Kd1 Nxd4 10. Be3 Nc6 11. Nxc6 bxc6 12. Kc2 Nf6 13. h3 h5 14. Be2 Bd6 15. Rad1 O-O 16. Na4 Be5 17. b3 a6 18.
Nc5 a5 19. Na4 Bg6 20. Rd2 Nh7 21. Rhd1 f5 22. g3 h4 23. Bf4 Bxf4 24. gxf4 Nf6 25. Nc5 Rfe8 26. Kc3 Bh5 27. Rg1 Bxe2 28. Rxe2 Nh5 29.
Rd2 Re7 30. Nd7 Nxf4 31. Ne5 a4 32. Nxc6 Rf7 33. Ne5 Re7 34. Ng6 Nxg6 35. Rxg6 axb3 36. axb3 Ra1 37. Rg2 Rh1 38. Rd8+ Kh7 39. Kb4 Rxh3 40.
Rf8 Rf3 41. Rb8 h3 42. Rh2 g5 43. Kc5 g4 44. b4 e3 45. fxe3 Rxe3 46. b5 Re4 47.
Rf8 Kg7 48. Ra8 Kf6 49. Rf8+ Ke5 50. Kb4 Kf4 51. Kc3 Kg3 52. Rh1 Kg2 53. Rc1 h2 54.
Rh8 g3 55. c5 f4 56. b6 cxb6 57. cxb6 f3 58. Rb1 Rb7 59. Kd3 Re2 60. Rg8 Rf2 61. Kc4 Rxb6 62. Rxb6 h1=Q 63. Rxe6 Qc1+ 64.
Kd5 Rd2+ 65. Ke5 Qc3+ 66. Kf5 Rd5+ 67. Kg6 Qd3+ 68. Kf6 Qf5+ 69. Ke7 Qh7+ 70. Kf8 Rf5+ 71. Ke8 Qf7+ 72. Kd8 Qxe6 73. Rxg3+ Kxg3 74. Kc7 Rf7+ 75. Kd8 Qd7# 0-1

[Event "*** Titled Tuesday Blitz"]
[Site "Chess.com"]
[Date "2020.11.10"]
[Round "2"]
[White "sjam6687"]
[Black "Predatoru"]
[Result "1-0"]
[WhiteElo "2711"]
[BlackElo "2492"]
[TimeControl "180+1"]
[EndTime "10:22:22 PST"]
[Termination "sjam6687 won by resignation"]

1. c4 e6 2. d4 d5 3. Nf3 c6 4. g3 dxc4 5. Bg2 b5 6. O-O Bb7 7. b3 cxb3 8. Qxb3 Nf6 9. Bg5 Be7 10. Nc3 Nbd7 11. Ne5 Nd5 12. Bxe7 Qxe7 13. Ne4 Nxe5 14. dxe5 O-O 15. Nd6 Rfd8 16. a4 a6 17. Rac1 Rxd6 18. exd6 Qxd6 19. axb5 cxb5 20. Rfd1 Qb6 21. e4 Nf6 22.
Qb4 h5 23. Rd6 Qa7 24. Rc7 Ne8 25. Rdc6 Nxc7 26. Rxc7 Rc8 27. Qe7 Rxc7 28. Qxc7 Qa8 29. Bf3 g6 30. Be2 Bxe4 31. Qf4 Bd5 32. h4 Qb7 33. Qb4 Qc6 34. Qb2 Qc5 35. Kf1 Bc4 36.
Ke1 Bxe2 37. Kxe2 Qc4+ 38. Ke3 a5 39. Qf6 Qd5 40. f3 a4 41. Qc3 Qc4 42. Qa5 Qc5+ 43. Ke4 a3 44. f4 Qc4+ 45. Ke5 Qd5+ 46. Kf6 Qf5+ 47. Ke7 Qc5+ 48. Ke8 Qc6+ 49. Ke7 Qb7+ 50. Kf6 Qd7 51. Qa8+ Kh7 52. Qxa3 Qe8 53. Ke5 Kg8 54. Kd4 Qd7+ 55. Kc3 Qc6+ 56. Kb2 Qg2+ 57. Kc1 Qf1+ 58. Kd2 Qf2+ 59. Kc1 Qd4 60. Qa8+ Kg7 61. Qb8 Qc3+ 62. Kb1 b4 63. g4 hxg4 64. h5 gxh5 65. f5 b3 66. Qg3 Kf6 67. Qxc3+ Kxf5 68. Qxb3 Kg5 69.
Qe3+ Kf5 70. Qf2+ Kg6 71. Kc2 f5 72. Kd3 Kg5 73. Ke3 e5 74. Qg2 f4+ 75. Ke4 h4 76. Kxe5 h3 77. Qg1 g3 78. Ke4 Kg4 79. Qd1+ Kg5 80. Qf3 1-0

[Event "*** Titled Tuesday Blitz"]
[Site "Chess.com"]
[Date "2020.11.10"]
[Round "2"]
[White "RobertoJBM"]
[Black "MaxLeto"]
[Result "0-1"]
[WhiteElo "2791"]
[BlackElo "2407"]
[TimeControl "180+1"]
[EndTime "10:22:23 PST"]
[Termination "MaxLeto won on time"]

1. d4 d5 2. c4 c6 3. Nf3 Nf6 4. Nc3 g6 5. cxd5 cxd5 6. Bg5 Bg7 7. e3 O-O 8. Be2 Nc6 9. O-O Bg4 10. h3 Bxf3 11. Bxf3 e6 12. Rc1 h6 13. Bf4 Rc8 14.
Qe2 Qe7 15. Rfd1 Na5 16. Qb5 Nc4 17. b3 a6 18. Qa4 Nb2 19. Qa5 Nxd1 20. Bxd1 Rc6 21.
Ne2 Rfc8 22. Rxc6 Rxc6 23. f3 Bf8 24. Qd2 Qb4 25. Qxb4 Bxb4 26. Bxh6 Bd2 27. Kf2 Ne8 28. Bf4 f6 29. e4 Bxf4 30. Nxf4 dxe4 31. fxe4 Kf7 32.
h4 Rc1 33. Ke2 Nd6 34. Kd2 Ra1 35. Bf3 Rxa2+ 36. Kd3 b6 37. h5 gxh5 38. Bxh5+ Ke7 39. Bf3 b5 40. Ne2 a5 41. Nc3 Rb2 42. Bd1 b4 43. Na4 Rxg2 44. Nc5 Rg3+ 45. Kd2 Nb5 46. d5 exd5 47.
exd5 Nc3 48. d6+ Kxd6 49. Nb7+ Ke5 50. Bc2 Rg2+ 51. Kd3 Rg3+ 52. Kc4 Rg4+ 53. Kd3 a4 54. bxa4 Rd4+ 55. Ke3 Rd7 56. Nc5 Rc7 57. Nd3+ Kd5 58. Nxb4+ Kc4 59. Nd3 Nd5+ 60. Kd2 Nb4 61. Nxb4 Kxb4 62.
Bd3 Rd7 63. Ke3 Rd5 64. Be4 Re5 65. Kf4 Kxa4 66. Bf5 Kb4 67. Bg4 Kc5 68. Bf5 Kd4 69. Bg4 Kd5 70. Bf3+ Ke6 71. Bg4+ f5 72. Bf3 Kf6 73.
Bg2 Ra5 74. Bf3 Ra4+ 75. Kg3 Ke5 76. Kf2 Ra3 77. Bc6 Kf4 78. Bd5 Rc3 79. Be6 Rc2+ 80. Ke1 Rh2 81. Kf1 Kf3 82. Kg1 Rh5 83. Bd5+ Kg3 84.
Kf1 f4 85. Be4 Ra5 86. Ke1 f3 87. Kd2 f2 0-1

[Event "*** Titled Tuesday Blitz"]
[Site "Chess.com"]
[Date "2020.11.10"]
[Round "2"]
[White "Deepweb2020"]
[Black "Makswolf200817"]
[Result "0-1"]
[WhiteElo "2240"]
[BlackElo "2452"]
[TimeControl "180+1"]
[EndTime "10:22:36 PST"]
[Termination "Makswolf200817 won by checkmate"]

1. d4 d5 2. c4 e6 3. g3 Nf6 4.
Nf3 Bb4+ 5. Bd2 Be7 6. Bg2 O-O 7. O-O Nbd7 8. Qc2 Ne4 9. Bf4 c6 10. Nbd2 f5 11. Be5 Nxe5 12. Nxe5 Bf6 13. Ndf3 g5 14.
Rfd1 Bd7 15. e3 Be8 16. b4 Bh5 17. Rd3 Qe7 18. c5 Bg6 19. Nxg6 hxg6 20. a4 a6 21.
Rb1 Qd7 22. Nd2 g4 23. Rdb3 Ng5 24. b5 axb5 25. axb5 Rf7 26. bxc6 bxc6 27. Rb8+ Rxb8 28. Rxb8+ Kg7 29. Qb2 Qa7 30. Rb6 Rc7 31. Bf1 Qa5 32.
Qb4 Qa2 33. Qb2 Qa5 34. Kg2 Kh6 35. Rb3 Nf7 36. Ra3 Qxc5 37. Rc3 Qd6 38. Qc2 Qd7 39.
Bb5 Nd8 40. Nb3 Qd6 41. Na5 Qb4 42. Nxc6 Qxb5 43. Nxd8 Rxc3 44. Qxc3 Bxd8 45. Qc8 Qe8 46. Kg1 Kg7 47. Kg2 Qe7 48. Kg1 Bc7 49. Kg2 Bd6 50. Kg1 e5 51. dxe5 Qxe5 52. Qd7+ Be7 53. Kf1 Kf7 54. Kg1 Qe4 55. Qc6 Qb1+ 56. Kg2 Qe4+ 57. Kg1 Qe6 58. Qc2 Qd6 59. Qd3 Qc5 60. Kg2 Bf6 61. Qd1 Qc4 62. Qb1 Qe4+ 63. Qxe4 dxe4 64. Kf1 Ke6 65. Ke2 Kd5 66. Kd2 Kc4 67. Kc2 Bg7 68.
Kd2 Bh6 69. Kc2 g5 70. Kd2 f4 71. gxf4 gxf4 72. Ke2 f3+ 73. Kf1 Kd3 74. Ke1 Bxe3 75.
fxe3 Kxe3 76. Kf1 f2 77. h3 g3 78. h4 Kf4 79. h5 Kg5 80. h6 Kxh6 81. Kg2 e3 82.
Kf1 Kg5 83. Kg2 e2 84. Kxg3 e1=Q 85. Kg2 f1=Q+ 86. Kh2 Qe5# 0-1

[Event "*** Titled Tuesday Blitz"]
[Site "Chess.com"]
[Date "2020.11.10"]
[Round "2"]
[White "Sviridov_Valery"]
[Black "blitzking1729"]
[Result "1-0"]
[WhiteElo "2784"]
[BlackElo "2532"]
[TimeControl "180+1"]
[EndTime "10:22:39 PST"]
[Termination "Sviridov_Valery won by resignation"]

1. Nf3 d6 2. g3 e5 3. Bg2 f5 4. O-O Nf6 5. c4 Be7 6. Nc3 O-O 7. c5 e4 8. cxd6 cxd6 9. Nd4 Nc6 10. Nxc6 bxc6 11. d3 d5 12. b3 Be6 13. Bb2 c5 14. Rc1 Rc8 15. Na4 Bd6 16. Ba3 Qe7 17. d4 cxd4 18. Bxd6 Qxd6 19. Qxd4 f4 20. Qxa7 fxg3 21. fxg3 d4 22. Rxc8 Rxc8 23. Nb6 Rd8 24. Nc4 Bxc4 25.
bxc4 d3 26. exd3 exd3 27. Bf3 d2 28. Qe3 Kh8 29. Rd1 Qb4 30. Bd5 h6 31. Qxd2 Qc5+ 32. Qd4 Qa5 33. Rd2 Qb4 34. Kg2 Qa5 35. Rf2 Nxd5 36. cxd5 Qxd5+ 37. Qxd5 Rxd5 38. a4 Ra5 39. Ra2 Kh7 40. Kf3 Kg6 41. Ke4 Kf6 42. Kd4 Ke6 43.
Kc4 Kd6 44. Kb4 Re5 45. a5 Kc7 46. a6 Kb8 47. a7+ Ka8 48. Kc4 h5 49. Kd4 Rf5 50. Ke4 g6 51. h4 Rb5 52. Kf4 Rf5+ 53. Ke4 Rb5 54. Ra6 Rb4+ 55. Kf3 Rg4 56. Ra5 Rb4 57.
Ra3 Rb6 58. Kf4 Rb5 59. Ra4 Rf5+ 60. Ke4 Rb5 61. Ra6 Rb4+ 62. Ke3 Rg4 63. Kf3 g5 64.
hxg5 Rxg5 65. Ra4 Rb5 66. Kg2 Rg5 67. Kh3 Rc5 68. Kh4 Rd5 69. Ra6 Rb5 70. Rh6 Kxa7 71.
Rxh5 Rb1 72. Rc5 Kb6 73. Rc2 Rb5 74. g4 Rb4 75. Kh5 Rb1 76. g5 Rh1+ 77. Kg6 Rg1 78.
Kf6 Rf1+ 79. Kg7 Rg1 80. g6 Rf1 81. Kh7 Rh1+ 82. Kg8 Rg1 83. g7 Kb5 84. Rf2 Kc5 85. Kf7 Kd6 86. g8=Q 1-0

[Event "*** Titled Tuesday Blitz"]
[Site "Chess.com"]
[Date "2020.11.10"]
[Round "2"]
[White "Loy_Konstantin"]
[Black "ChessFrois"]
[Result "1-0"]
[WhiteElo "2383"]
[BlackElo "2076"]
[TimeControl "180+1"]
[EndTime "10:22:41 PST"]
[Termination "Loy_Konstantin won by checkmate"]

1. e4 Nf6 2. e5 Nd5 3. Nf3 d6 4. d4 Bg4 5. Be2 Nc6 6. c4 Nb6 7. O-O g6 8. exd6 cxd6 9. d5 Bxf3 10. gxf3 Ne5 11. f4 Ned7 12. Qd4 Nf6 13. Nc3 Bg7 14. Be3 O-O 15. Qd2 Rc8 16. b3 a6 17. Rac1 Nbd7 18. Kh1 Qa5 19. Rfd1 Nc5 20. Bd3 Qc7 21. f5 Qd7 22.
fxg6 hxg6 23. Qe2 Qh3 24. f3 Nh5 25. Qg2 Qxg2+ 26. Kxg2 Be5 27. Ne4 Nf4+ 28. Bxf4 Bxf4 29. Rc2 Kg7 30. Nxc5 Rxc5 31. Re2 Kf6 32. Rde1 Rc7 33.
h3 Rh8 34. Re4 Bg5 35. Rb1 Kg7 36. b4 f5 37. Re6 Bf6 38. Re2 Rh4 39. Rc2 Bd4 40. a3 Rc8 41. Rh1 Kf6 42. Be2 Rh5 43.
Bd3 Rg5+ 44. Kf1 Rh8 45. Rg2 Rgh5 46. Ke2 Rxh3 47. Rxh3 Rxh3 48. Bc2 Rh1 49. Ba4 Ra1 50.
Kd3 Be5 51. Bd7 Rxa3+ 52. Ke2 Rc3 53. b5 Rxc4 54. bxa6 bxa6 55. Kf1 Rc1+ 56. Ke2 a5 57. Kd3 Ra1 58. Rc2 Ra3+ 59. Ke2 Bd4 60. Rc8 Ke5 61. Re8 Re3+ 62. Kf2 Kxd5 63. Kg2 Re2+ 64. Kg3 Be5+ 65.
f4 a4 66. fxe5 Re3+ 67. Kf2 Rxe5 68. Bxa4 Re4 69. Bd7 Rf4+ 70. Ke3 Re4+ 71. Kd3 Re5 72. Rc8 Re4 73. Bc6+ Ke5 74. Bxe4 fxe4+ 75. Ke3 d5 76.
Ke2 e6 77. Rg8 Kf5 78. Ke3 g5 79. Rd8 Ke5 80. Rg8 Kf5 81. Rf8+ Ke5 82. Ke2 d4 83. Ra8 Kf4 84. Ra4 d3+ 85. Kd2 e5 86. Ra8 g4 87. Rf8+ Kg3 88. Ke3 Kg2 89. Re8 g3 90. Rxe5 Kf1 91. Rf5+ Ke1 92. Rg5 d2 93. Rxg3 d1=Q 94. Rg1# 1-0

[Event "*** Titled Tuesday Blitz"]
[Site "Chess.com"]
[Date "2020.11.10"]
[Round "2"]
[White "kuban1991"]
[Black "AliKa2810"]
[Result "1/2-1/2"]
[WhiteElo "2881"]
[BlackElo "2574"]
[TimeControl "180+1"]
[EndTime "10:22:46 PST"]
[Termination "Game drawn - insufficient material"]

1. Nf3 d5 2. g3 Nc6 3. Bg2 e5 4.
O-O Nf6 5. d4 e4 6. Ne5 Bd6 7.
Nxc6 bxc6 8. c4 O-O 9. Nc3 h6 10.
Qa4 Bd7 11. c5 Be7 12. f3 exf3 13. exf3 Re8 14. Bd2 Qc8 15. Rfe1 Rb8 16. b4 Nh7 17. Be3 Bf6 18. Bf2 Ng5 19. Rxe8+ Bxe8 20. Re1 Bd7 21. a3 Ne6 22. Qd1 Qa6 23. b5 Qxa3 24. bxc6 Bxc6 25. Ne2 Rb2 26. g4 Qb4 27. Be3 Qc4 28. Bf1 Qa2 29. Qa1 Qxa1 30. Rxa1 Bb5 31. Nc3 Bxf1 32. Kxf1 Nxd4 33. Rxa7 Nxf3 34. Nxd5 Bh4 35.
h3 c6 36. Ne7+ Bxe7 37. Rxe7 Rc2 38. Rc7 Ne5 39. Re7 Nd3 40. Re8+ Kh7 41. Rc8 Nb4 42.
Rb8 Nd5 43. Bf2 Nf4 44. Be3 Nd5 45. Bd4 Rd2 46. Bf2 Rd1+ 47. Ke2 Ra1 48. Rc8 Ra6 49. Bd4 f6 50. Rd8 Kg6 51. h4 h5 52. g5 fxg5 53. hxg5 Ra7 54. Rg8 Re7+ 55. Kd2 Kxg5 56. Bxg7 Kf5 57.
Bd4 Ke4 58. Bg1 Ra7 59. Rg6 Ra2+ 60. Kc1 Nb4 61. Kb1 Re2 62. Re6+ Kd3 63. Rd6+ Kc3 64. Bd4+ Kb3 65. Kc1 h4 66. Kd1 Rg2 67. Be5 Rg4 68. Rh6 Re4 69. Bd6 Nd5 70. Kd2 Nc3 71. Rh5 Rd4+ 72.
Ke3 Ra4 73. Kd3 Nd5 74. Be5 Rc4 75. Rh8 Nf4+ 76. Bxf4 Rxf4 77. Rh6 Rc4 78. Rxc6 Rg4 79. Rb6+ Ka4 80. c6 Rg8 81. c7 Rc8 82. Rb7 Ka5 83. Ke4 Ka6 84. Rb3 Rxc7 85. Rh3 Rb7 86. Kf5 Kb6 87. Kg5 Kc6 88. Rxh4 Rg7+ 89. Kf6 Rd7 90. Rh6 Rd6+ 91. Kg5 Rxh6 92. Kxh6 1/2-1/2

[Event "*** Titled Tuesday Blitz"]
[Site "Chess.com"]
[Date "2020.11.10"]
[Round "2"]
[White "Bulldog167"]
[Black "Mr_Sinigami"]
[Result "1/2-1/2"]
[WhiteElo "2736"]
[BlackElo "2522"]
[TimeControl "180+1"]
[EndTime "10:23:25 PST"]
[Termination "Game drawn by 50-move rule"]

1. d4 Nf6 2. c4 g6 3. Nc3 Bg7 4. e4 d6 5. h3 O-O 6. Be3 e5 7. d5 a5 8. g4 Na6 9. Nge2 h5 10.
f3 Nh7 11. Qd2 h4 12. Rg1 Bd7 13. Nc1 Nc5 14. Nd3 b6 15. O-O-O a4 16. Kb1 Qe7 17.
Be2 Nxd3 18. Bxd3 Rfb8 19. g5 Nf8 20. Qf2 Be8 21. Qxh4 Nd7 22. Qf2 Nc5 23. Be2 c6 24.
dxc6 Bxc6 25. h4 Ne6 26. h5 Nd4 27. Bd3 b5 28. Nd5 Bxd5 29. cxd5 b4 30. Rc1 gxh5 31. Bxd4 exd4 32. f4 Rc8 33. Qf3 b3 34. a3 Rc3 35.
e5 Rac8 36. bxc3 dxc3 37. Rxc3 Rxc3 38. Bh7+ Kxh7 39. Qxc3 dxe5 40. f5 Qxa3 41. g6+ fxg6 42. fxg6+ Kg8 43. Qc8+ Bf8 44. Qe6+ Kh8 45. Qxe5+ Bg7 46.
Qe8+ Qf8 47. Qxf8+ Bxf8 48. Kb2 Kg7 49. Rg5 Bd6 50.
Rxh5 Kxg6 51. Rh4 Kf5 52. Rxa4 Ke5 53. Ra5 Kd4 54. Kxb3 Bc5 55. Ra8 Kxd5 56. Rh8 Kd4 57. Rh5 Bd6 58. Rh1 Bc5 59. Rd1+ Ke4 60. Kc4 Bf2 61. Rd8 Bg3 62. Re8+ Be5 63. Re7 Kf5 64. Kd5 Bf6 65. Rf7 Kg6 66. Ke6 Bg5 67. Rf2 Be3 68.
Rg2+ Kh7 69. Kf7 Kh6 70. Kf6 Bd4+ 71. Kf5 Bc3 72. Rg6+ Kh7 73. Rc6 Bd4 74. Kg5 Bb2 75.
Rc7+ Kg8 76. Rb7 Bc3 77. Rb3 Bd4 78. Rb7 Bc3 79. Kg6 Kf8 80. Rc7 Bd4 81. Kf5 Bb2 82. Rb7 Bc3 83. Ke6 Bd4 84. Rc7 Bb2 85. Rc8+ Kg7 86.
Rc2 Bd4 87. Rg2+ Kf8 88. Rg4 Bc3 89. Rc4 Bb2 90. Rf4+ Kg7 91. Rf2 Bc3 92. Rf5 Bd4 93. Ke7 Kg6 94. Rd5 Bc3 95. Ke6 Kg7 96. Rg5+ Kf8 97.
Rg3 Bb2 98. Rb3 Bd4 99. Kd5 Ba1 100. Rb7 Ke8 101. Ra7 Bb2 102. Ke6 Kf8 103. Rf7+ Kg8 104. Rb7 Bc3 105. Rb8+ Kg7 1/2-1/2

[Event "*** Titled Tuesday Blitz"]
[Site "Chess.com"]
[Date "2020.11.10"]
[Round "2"]
[White "sboshaon21"]
[Black "Grieve72"]
[Result "1/2-1/2"]
[WhiteElo "2068"]
[BlackElo "2369"]
[TimeControl "180+1"]
[EndTime "10:23:37 PST"]
[Termination "Game drawn by stalemate"]

1. d4 f5 2. c4 Nf6 3. Nc3 d6 4. Bg5 Nbd7 5. f3 e5 6. e4 fxe4 7. Nxe4 Be7 8. Bxf6 Nxf6 9. dxe5 Nxe4 10. fxe4 O-O 11.
Nf3 Bg4 12. Be2 Bxf3 13. Bxf3 dxe5 14. O-O Bc5+ 15. Kh1 Bd4 16. Qb3 Rb8 17. Rad1 c5 18. Bg4 Qd6 19. Qc2 b6 20. b3 Qg6 21. Qe2 Rbd8 22.
Bf5 Qh6 23. Rf3 Qc6 24. Rdf1 g6 25. Bg4 Qd6 26. h4 Rxf3 27. Qxf3 Rf8 28. Qxf8+ Qxf8 29. Rxf8+ Kxf8 30. h5 gxh5 31. Bxh5 Kg7 32. Kh2 Kf6 33. Kg3 Kg5 34. Bf7 h5 35. Kf3 h4 36. Be6 Bg1 37. Bh3 Bh2 38. Bf5 Bg3 39. Bh3 Kf6 40. Bf5 Ke7 41.
Kg4 Kd6 42. Kf3 Kc7 43. a4 Kb7 44. Bg4 Ka6 45. Bd7 Ka5 46. Ke3 Kb4 47. Kd3 Kxb3 48.
Bb5 Kb4 49. Bc6 a6 50. Bd7 Ka5 51. Bc6 Bf2 52. Kc3 Be1+ 53. Kb3 Bd2 54. Bd7 Be3 55.
Be8 Bf4 56. Bd7 Bg5 57. Be8 Bh6 58. Bd7 Bg7 59. Be8 Bf8 60. Bd7 Be7 61. Be8 Bd8 62. Bd7 Bc7 63. Be8 Bb8 64. Bd7 Ba7 65. Be8 Bb8 66.
Bd7 Bc7 67. Be8 Bd6 68. Bd7 Be7 69. Be8 Bg5 70. Bd7 Be3 71. Be8 Bd4 72. Bd7 b5 73. cxb5 axb5 74. axb5 Kb6 75. Kc4 Bb2 76. Bc6 Bd4 77.
Bd7 Bb2 78. Be8 Bd4 79. Bg6 Kc7 80. Bf5 Kd6 81. Bh3 Be3 82. Bg4 Bg5 83. Bh3 Bd8 84. Bg4 Ba5 85. Bh3 Bb6 86. Bg4 Ke7 87. Bh3 Kf6 88. Kd5 Ke7 89. Bg4 Kd8 90. Kc6 Bc7 91. b6 Bb8 92. Kxc5 Ke7 93. Kc6 Bd6 94. Kb7 Kd8 95. Ka8 Bc5 96. b7 Bd6 97. b8=Q+ Bxb8 98. Kxb8 Ke7 99. Kc7 Kf7 100. Kd6 Kf6 101. Bh3 Kg6 102. Kxe5 Kg5 103. Kd6 Kf4 104. e5 Kg3 105. e6 Kf2 106. e7 Kg1 107. e8=Q Kh2 108. Ke5 Kg3 109. Ke4 Kh2 110. Qe5+ Kg1 111. Qf4 Kh1 112. Kf3 Kg1 113. Qc1+ Kh2 114.
Qf4+ Kg1 115. Qxh4 Kh2 116. Qe1 1/2-1/2

[Event "*** Titled Tuesday Blitz"]
[Site "Chess.com"]
[Date "2020.11.10"]
[Round "2"]
[White "MVM2008"]
[Black "Lady_Nika"]
[Result "1/2-1/2"]
[WhiteElo "2186"]
[BlackElo "2397"]
[TimeControl "180+1"]
[EndTime "10:24:12 PST"]
[Termination "Game drawn - insufficient material"]

1. e4 e6 2. d4 d5 3. Nd2 Nf6 4. e5 Nfd7 5. Bd3 c5 6. c3 Nc6 7.
Ngf3 Qb6 8. O-O cxd4 9. cxd4 Nxd4 10. Nxd4 Qxd4 11. Nf3 Qb6 12. Be3 Bc5 13. Bd2 h6 14. a3 O-O 15. Qc1 f5 16. b4 Bd4 17.
Bc3 Bxc3 18. Qxc3 Re8 19. Rac1 Nf8 20. Nd4 Bd7 21. Qc5 Rac8 22. Qxb6 axb6 23. f4 Ng6 24. g3 Ne7 25. Bb5 Nc6 26. Nb3 Nb8 27. Bxd7 Nxd7 28. Nd4 Kf7 29. Nb5 Rxc1 30. Rxc1 Ke7 31. Rc7 Rb8 32.
Nd6 Ra8 33. Rxb7 Rxa3 34. Nc8+ Kd8 35. Nxb6 Nxb6 36. Rxb6 Ke7 37. Rb7+ Kf8 38. b5 Rb3 39. b6 Rb2 40. Rb8+ Kf7 41. Rb7+ Kg6 42. Rb8 Kh5 43. h3 g5 44. fxg5 Kxg5 45. b7 Kh5 46. g4+ fxg4 47. hxg4+ Kh4 48. g5 Kg3 49. Kf1 hxg5 50. Ke1 g4 51.
Kf1 Rb1+ 52. Ke2 Kg2 53. Rg8 Rxb7 54. Rxg4+ Kh3 55. Rg6 Rb6 56. Kf3 Kh4 57. Kf4 Kh5 58. Rg5+ Kh6 59. Rg1 Rb4+ 60. Kf3 Re4 61. Rh1+ Kg6 62.
Rg1+ Kf5 63. Rg8 Kxe5 64. Rg5+ Kf6 65. Rg8 e5 66. Rd8 Rd4 67. Rd6+ Ke7 68. Ra6 Rb4 69.
Ra5 Kd6 70. Ra6+ Kc5 71. Re6 e4+ 72. Kf4 Kd4 73. Re8 Rb1 74. Ra8 Rf1+ 75. Kg3 e3 76. Ra4+ Ke5 77. Kg2 Rf2+ 78. Kg1 d4 79. Ra5+ Ke4 80.
Ra8 Kd3 81. Re8 Rb2 82. Kf1 Rb1+ 83. Kg2 Kd2 84. Kf3 d3 85. Rxe3 Rf1+ 86. Ke4 Rf8 87. Rxd3+ Ke2 88. Re3+ Kf2 89. Ra3 Re8+ 90. Kd5 Rd8+ 91.
Ke6 Rb8 92. Ra2+ Ke3 93. Ra3+ Kd4 94. Ra4+ Kc5 95. Rh4 Rb6+ 96. Ke5 Rb5 97. Rh1 Kb6+ 98. Kd6 Rb2 99. Rc1 Rd2+ 100. Ke5 Re2+ 101. Kf4 Rf2+ 102. Kg3 Rf7 103. Kg4 Rg7+ 104. Kf5 Rf7+ 105. Ke6 Rf2 106. Ke5 Rd2 107. Ke4 Rd8 108. Ke5 Re8+ 109. Kd6 Rd8+ 110. Ke7 Rd2 111. Ke6 Kb5 112. Kf7 Kb4 113. Kg6 Kb3 114. Kf5 Kb2 115. Rc8 Rf2+ 116. Ke4 Rh2 117. Kd3 Rh3+ 118. Kd4 Rh4+ 119. Ke3 Rh7 120. Rb8+ Kc3 121. Rc8+ Kb4 122. Kf4 Rd7 123. Kf5 Rb7 124. Ke6 Rb5 125. Kd6 Rb6+ 126. Kd5 Rb5+ 127. Kd4 Rb7 128. Rc1 Rd7+ 129. Ke5 Rd2 130. Ke4 Kb3 131. Ke3 Rc2 132. Rxc2 Kxc2 1/2-1/2

[Event "*** Titled Tuesday Blitz"]
[Site "Chess.com"]
[Date "2020.11.10"]
[Round "3"]
[White "Savva09022009"]
[Black "SVV65"]
[Result "1-0"]
[WhiteElo "2399"]
[BlackElo "2210"]
[TimeControl "180+1"]
[EndTime "10:26:52 PST"]
[Termination "Savva09022009 won by resignation"]

1. d4 d5 2. Nc3 Nf6 3. Bf4 a6 4.
e3 c5 5. Nf3 Nc6 6. dxc5 e6 7.
Bd3 Bxc5 8. O-O O-O 9. e4 dxe4 10. Nxe4 Nxe4 11. Bxe4 Qe7 12. Qe2 Bd7 13. Rad1 Rad8 14.
a3 h6 15. b4 e5 16. Bxc6 exf4 17. Qxe7 Bxe7 18. Bxd7 1-0